 Dungeon Crawl Stone Soup version 0.23.2-1-ga50397a (webtiles) character file.

Game seed: 1330637403989740237

11309 teukkam the Protected (level 11, -7/100 HPs)
             Began as a Minotaur Fighter on May 18, 2019.
             Was a Priest of Qazlal.
             Killed from afar by an orc sorcerer (15 damage)
             ... with a bolt of negative energy
             ... led by an orc knight
             ... on level 1 of the Orcish Mines on May 20, 2019.
             The game lasted 00:40:30 (10342 turns).

teukkam the Protected (Minotaur Fighter)           Turns: 10342, Time: 00:40:31

Health: -7/100     AC:  7    Str: 27    XL:     11   Next: 47%
Magic:  10/10      EV:  9    Int:  5    God:    Qazlal [***...]
Gold:   381        SH: 15    Dex: 11    Spells: 10/10 levels left

rFire    + . .     SeeInvis +   a - +0 war axe
rCold    + + .     Gourm    .   c - +0 shield
rNeg     . . .     Faith    .   O - +1 ring mail of an ossuary {-Cast rElec rC+ SInv}
rPois    +         Spirit   .   (helmet unavailable)
rElec    +         Reflect  .   (no cloak)
rCorr    +         Harm     .   (no gloves)
MR       .....     NoCast   +   (no boots)
Stlth    ..........             i - amulet of the acrobat
HPRegen  0.26/turn              H - +2 ring of dexterity
MPRegen  0.12/turn              (no ring)

@: resistant, heavily drained
A: retaliatory headbutt, horns 3, sense surroundings 1, strong 1
a: Upheaval, Elemental Force, Renounce Religion


You were on level 1 of the Orcish Mines.
You worshipped Qazlal.
Qazlal was most pleased with you.
You were hungry.

You visited 3 branches of the dungeon, and saw 12 of its levels.

You collected 789 gold pieces.
You spent 408 gold pieces at shops.

Inventory:

Hand Weapons
 a - a +0 war axe (weapon)
 b - a +0 hunting sling
 u - a +1 halberd of freezing
 y - a +1 whip of flaming
 E - a +2 mace of holy wrath
 L - a +0 scimitar of holy wrath
Missiles
 m - 168 stones
 p - 105 bolts
 q - 37 poisoned needles
 F - 3 javelins (quivered)
 I - 2 poisoned tomahawks
 K - 6 tomahawks
 P - 2 poisoned javelins
Armour
 c - a +0 shield (worn)
 s - a +2 hat of intelligence
 O - the +1 ring mail of an ossuary (worn) {-Cast rElec rC+ SInv}
   (You bought it in a shop on level 10 of the Dungeon)

   It protects you from cold.
   It insulates you from electricity.
   It lets you see invisible.
   It prevents spellcasting.
Jewellery
 i - an amulet of the acrobat (around neck)
 l - an uncursed amulet of magic regeneration
 H - a +2 ring of dexterity (left hand)
Wands
 r - a wand of acid (6)
 J - a wand of paralysis (13)
 Q - a wand of disintegration (9)
Scrolls
 e - 2 scrolls of magic mapping
 h - 3 scrolls of teleportation
 j - 11 scrolls of identify
 o - 5 scrolls of enchant armour {unknown}
 w - a scroll of enchant weapon {unknown}
 A - 2 scrolls of immolation {unknown}
 D - a scroll of random uselessness {unknown}
 N - a scroll of fog {unknown}
Potions
 d - 4 potions of curing
 n - 3 potions of agility
 v - a potion of heal wounds {unknown}
 z - a potion of berserk rage {unknown}
 B - a potion of cancellation {unknown}
 C - 2 potions of ambrosia {unknown}
 G - a potion of mutation
 M - a potion of magic {unknown}
Comestibles
 f - 11 rations
 g - 8 chunks of flesh


   Skills:
 + Level 10.2(7.8) Fighting
 + Level 9.9(7.5) Axes
 + Level 8.5(6.9) Slings
 + Level 4.5(4.6) Throwing
 + Level 10.2(7.8) Armour
 + Level 10.1(7.7) Shields


You had 10 spell levels left.
You didn't know any spells.
Your spell library was empty.

Dungeon Overview and Level Annotations

Branches:
Dungeon (10/15)            Temple (1/1) D:6             Orc (1/2) D:10
   Lair: D:8-11

Altars:
Ashenzari
Cheibriados
Dithmenos
Elyvilon
Gozag
Hepliaklqana
Kikubaaqudgha
Makhleb
Nemelex Xobeh
Okawaru
Qazlal
Ru
Sif Muna
Trog
Uskayaw
Vehumet
Wu Jian
Xom
Yredelemnul
Zin
The Shining One

Shops:
D:10 [

Annotations:
D:5 2 transporters, Flogoulo's ghost, novice OpEE


Innate Abilities, Weirdness & Mutations

You reflexively headbutt those who attack you in melee.
You have a pair of large horns on your head.
You passively map a small area around you.
Your muscles are strong. (Str +2)


Message History

The orc knight roars a battlecry!
The orc sorcerer goes into a battle-frenzy!
The orc no longer looks unusually strong.
You feel better.
The orc knight roars a battlecry!
The orc goes into a battle-frenzy!
You block the orc wizard's attack.
The orc sorcerer gestures wildly while chanting.
The orc sorcerer casts a spell at you.
The bolt of negative energy hits the red devil.
The red devil completely resists.
The bolt of negative energy misses you. You block the red devil's attack.
You feel protected.
The orc wizard points at you and mumbles some strange words.
The puff of flame hits you. You resist.
* * * LOW HITPOINT WARNING * * *
The orc sorcerer points at you and mumbles some strange words.
The bolt of negative energy misses the red devil.
The bolt of negative energy hits you!
You feel drained.
You die...

*#...####**,,,,,,,,,*****,,,≈
*#.†#..###**,,,,,≈≈≈* **,,,
#..†....##**,***≈≈≈* **,,
##.......###** ***≈* *##...
##..........### ***##≈§..$
#......oo.....### #.#....
#.....$.........#### #....≈#
*#.......o.o.§......####...##
#..........4@................
##...........○...............
*#$...............)..........
*............................
*#.........#.................
*#.##.#.....................
***##......................
##...#.#.#........#....
****##################


You could see an orc knight, an orc sorcerer, a red devil, an orc wizard and an
orc.

Vanquished Creatures
  Gastronok (D:10)
  Josephine (D:10)
  Erolcha (Orc:1)
  A death yak (D:9)
  3 trolls
  Sigmund (D:3)
  3 wraiths (D:10)
  A spriggan (D:7)
  A shadow (D:10)
  3 yaks (D:9)
  Eustachio (D:4)
  A hungry ghost (D:10)
  Menkaure (D:4)
  4 orc warriors
  2 porcupines (D:9)
  2 black bears
  4 ogres
  A necrophage (D:9)
  2 sky beasts
  A hornet zombie (D:8)
  The ghost of ThisFiasco the Slasher, an amateur MiMo (D:4)
  2 phantoms
  3 ice beasts
  3 centaurs
  A big kobold (D:10)
  6 bullfrogs
  3 scorpions
  5 wights (D:6)
  A quasit (D:8)
  2 centaur zombies
  4 crimson imps
  3 jellies
  4 orc priests (D:10)
  5 hounds
  2 bullfrog skeletons
  3 orc wizards
  A gnoll shaman (D:6)
  3 iguanas
  Ijyb (D:4)
  3 centaur skeletons
  Natasha (twice) (D:4)
  10 worker ants
  A hound skeleton (D:8)
  A howler monkey skeleton (D:4)
  17 adders
  2 shadow imps
  2 adder zombies
  5 oozes
  3 worms
  2 dart slugs
  4 leopard geckos
  22 orcs
  6 bats
  8 giant cockroaches
  15 goblins
  5 hobgoblins
  8 jackals
  6 quokkas
  4 ball pythons
  5 frilled lizards
  A goblin skeleton (D:6)
  5 hobgoblin zombies (D:6)
  15 kobolds
  A kobold skeleton (D:6)
  A kobold zombie (D:6)
  A leopard gecko skeleton (D:4)
  An orc skeleton (D:6)
  2 orc zombies (D:6)
  5 rats
251 creatures vanquished.

Vanquished Creatures (others)
  An orc (Orc:1)
  6 plants (D:5)
7 creatures vanquished.

Grand Total: 258 creatures vanquished

Notes
Turn   | Place    | Note
-------+----------+-------------------------------------------
     0 | D:1      | teukkam the Minotaur Fighter began the quest for the Orb.
     0 | D:1      | Reached XP level 1. HP: 19/19 MP: 0/0
   125 | D:2      | Reached XP level 2. HP: 25/27 MP: 1/1
   360 | D:2      | Reached XP level 3. HP: 30/33 MP: 2/2
   851 | D:3      | Noticed Sigmund
   856 | D:3      | Killed Sigmund
   856 | D:3      | Reached XP level 4. HP: 34/41 MP: 3/3
   856 | D:3      | Reached XP level 5. HP: 39/47 MP: 4/4
   989 | D:4      | Noticed Ijyb
  1001 | D:4      | Killed Ijyb
  1001 | D:4      | Reached XP level 6. HP: 22/55 MP: 5/5
  1200 | D:4      | You fall through a shaft for 3 floors!
  1242 | D:6      | Found a glowing golden altar of the Shining One.
  1258 | D:6      | Reached skill level 5 in Fighting
  1258 | D:6      | Reached skill level 5 in Armour
  1303 | D:5      | Entered Level 5 of the Dungeon
  1304 | D:5      | Found a transporter.
  1366 | D:5      | Reached skill level 5 in Shields
  1561 | D:4      | Noticed Menkaure
  1570 | D:4      | Gained mutation: You occasionally shout uncontrollably at
                  | your foes. [potion of mutation]
  1570 | D:4      | Gained mutation: You are partially covered in slimy green
                  | scales. (AC +2) [potion of mutation]
  1576 | D:4      | Killed Menkaure
  1576 | D:4      | Reached XP level 7. HP: 19/61 MP: 6/6
  1968 | D:4      | Noticed Natasha
  1974 | D:4      | Killed Natasha
  1974 | D:4      | Reached skill level 5 in Axes
  2027 | D:4      | Found a runed translucent door.
  2032 | D:4      | Noticed ThisFiasco's ghost (amateur MiMo)
  2137 | D:4      | Noticed Eustachio
  2143 | D:4      | Killed Eustachio
  2395 | D:4      | Noticed Natasha
  2398 | D:4      | Killed Natasha
  2700 | D:5      | Found a transporter.
  2763 | D:5      | Reached XP level 8. HP: 66/70 MP: 7/7
  2793 | D:5      | Noticed Flogoulo's ghost (novice OpEE)
  3322 | D:6      | Found a basalt altar of Yredelemnul.
  3681 | D:6      | Reached skill level 5 in Slings
  4047 | D:6      | Found a snail-covered altar of Cheibriados.
  4047 | D:6      | Found a shimmering altar of Xom.
  4186 | D:6      | Found a stormy altar of Qazlal.
  4194 | D:6      | Became a worshipper of Qazlal Stormbringer
  4529 | D:1      | Lost mutation: You are partially covered in slimy green
                  | scales. (AC +2) [potion of mutation]
  4529 | D:1      | Lost mutation: You occasionally shout uncontrollably at
                  | your foes. [potion of mutation]
  4529 | D:1      | Gained mutation: You have a pair of large horns on your
                  | head. [potion of mutation]
  4529 | D:1      | Gained mutation: You passively map a small area around you.
                  | [potion of mutation]
  4529 | D:1      | Gained mutation: Your muscles are strong. (Str +2) [potion
                  | of mutation]
  5239 | D:3      | Reached XP level 9. HP: 79/79 MP: 8/8
  5281 | D:3      | Reached * piety under Qazlal
  5660 | D:4      | Killed ThisFiasco's ghost
  5938 | D:6      | Found a staircase to the Ecumenical Temple.
  5945 | Temple   | Entered the Ecumenical Temple
  7001 | D:8      | Found a flagged portal.
  7655 | D:8      | Found a sacrificial altar of Ru.
  7866 | D:8      | Reached ** piety under Qazlal
  8021 | D:9      | Found a deep blue altar of Sif Muna.
  8253 | D:9      | Noticed a two-headed ogre
  8283 | D:10     | Entered Level 10 of the Dungeon
  8470 | D:10     | Reached XP level 10. HP: 76/90 MP: 9/9
  8640 | D:10     | Reached skill level 1 in Throwing
  8648 | D:10     | Found Jaheomak's Armour Shop.
  8660 | D:10     | Bought the +1 ring mail of an ossuary {-Cast rElec rC+
                  | SInv} for 408 gold pieces
  8745 | D:10     | Noticed Josephine
  8762 | D:10     | Killed Josephine
  9308 | D:10     | Noticed Gastronok
  9342 | D:10     | Killed Gastronok
  9342 | D:10     | Reached XP level 11. HP: 41/99 MP: 10/10
  9564 | D:10     | Paralysed by a centaur for 2 turns
  9585 | D:10     | Paralysed by a centaur for 5 turns
  9795 | D:9      | Noticed a death yak
  9817 | D:9      | Killed a death yak
  9883 | D:9      | Reached skill level 10 in Fighting
  9899 | D:9      | Reached skill level 10 in Armour
  9907 | D:9      | Noticed a death yak
  9910 | D:9      | Noticed a death yak
  9927 | D:10     | Reached *** piety under Qazlal
  9953 | D:10     | Reached skill level 10 in Shields
 10171 | D:10     | Found a staircase to the Orcish Mines.
 10224 | Orc:1    | Entered Level 1 of the Orcish Mines
 10279 | Orc:1    | Noticed Erolcha
 10289 | Orc:1    | Killed Erolcha
 10318 | Orc:1    | Noticed an orc knight
 10318 | Orc:1    | Noticed an orc sorcerer
 10335 | Orc:1    | HP: 4/100 [orc sorcerer/bolt of negative energy[an orc
                  | knight] (15)]
 10342 | Orc:1    | Killed from afar by an orc sorcerer

Skill      XL: |  1  2  3  4  5  6  7  8  9 10 11 |
---------------+----------------------------------+-----
Armour         | 4 5 6 7 8 9 10 | 10.2
Fighting       | 4 5 6 7 8 9 10 | 10.2
Axes           | 3 4 5 6 8 9 |  9.9
Shields        | 4 5 6 7 8 9 10 | 10.1
Slings         | 2 3 4 5 6 8 |  8.5
Throwing       | 3 4 |  4.5

Action                   |  1- 3 |  4- 6 |  7- 9 | 10-12 || total
-------------------------+-------+-------+-------+-------++-------
Melee: War axe           |    54 |    41 |   358 |   186 ||   639
       Headbutt          |     3 |     7 |    71 |    50 ||   131
 Fire: Hunting sling     |    24 |    32 |    32 |    42 ||   130
Throw: Javelin           |       |       |     3 |     6 ||     9
       Tomahawk          |       |       |     1 |       ||     1
       Stone             |       |       |       |     1 ||     1
Evoke: Wand              |       |     1 |     4 |     9 ||    14
  Use: Potion            |     1 |     2 |     4 |     8 ||    15
       Scroll            |       |     4 |     6 |     3 ||    13
 Stab: Paralysed         |       |       |       |     2 ||     2
  Eat: Chunk             |       |     2 |    11 |     2 ||    15
       Ration            |       |       |     4 |     1 ||     5
Armor: Scale mail        |    27 |    12 |    19 |       ||    58
       Leather armour    |       |       |    64 |     5 ||    69
       Ring mail         |       |       |       |    27 ||    27
       Skin              |       |       |       |    30 ||    30
Dodge: Dodged            |    15 |     6 |   129 |    47 ||   197
Block: Shield            |    35 |    17 |   253 |   141 ||   446
